Penguins vs Kings

Created - November 22, 2023 at 22:51

Goals
1 2 3 T
Penguins 1 1 1 3
Kings 0 1 4 5
Shots
1 2 3 T
Penguins 7 12 19 38
Kings 6 8 10 24

GoalsPenalties
1st period
1. Penguins , Nathan MacKinnon 9 (Kevin Fiala 10, MacKenzie Weegar 10) at 13:27
Logan O'Connor (PIT) for High sticking (Minor) at 2:30
Justin Faulk (PIT) for High sticking (Minor) at 6:57
Vladimir Tarasenko (LOS) for Hooking (Minor) at 13:29
2nd period
2. Kings , Alex Ovechkin 11 (Vladimir Tarasenko 12, Cole Sillinger 1) at 9:51
3. Penguins , Dylan Larkin 6 (Jeff Petry 11, Jesper Bratt 7) at 16:00
Justin Faulk (PIT) for Roughing (Minor) at 12:15
Dylan Larkin (PIT) for Tripping (Minor) at 17:44
3rd period
4. Kings , Noah Cates 2 (Brandon Saad 9, Matt Duchene 10) at 1:55
5. Penguins , Cole Caufield 3 (Nathan MacKinnon 11, Mathew Dumba 6) at 2:40
6. Kings , Evander Kane 6 (Logan Couture 8, Ilya Mikheyev 7) at 5:32
7. Kings , Vladimir Tarasenko 6 (Cole Sillinger 2, Rasmus Ristolainen 2) at 10:05
8. Kings , Vladimir Tarasenko 7 (Alex Ovechkin 13, Mattias Ekholm 13) at 17:57
Jonas Brodin (LOS) for Tripping (Minor) at 14:59
Goalie Stats
Calvin Petersen (PIT), 19 saves from 24 shots - (0.792), L, 1-3-0, 60:00 minutes
John Gibson (LOS), 35 saves from 38 shots - (0.921), W, 5-3-0, 60:00 minutes
3 StarsOfficial
1 - Vladimir Tarasenko (LOS)
2 - Alex Ovechkin (LOS)
3 - Cole Sillinger (LOS)
Referees : TJ Luxmore and Eric Furlatt
Linesman : Jake Davis and Luke Murray
Game Note
No Game Note
Finance
Level 1 -- Attendance: 6500 (100.00%) -- Ticket Income $617,500
Level 2 -- Attendance: 5000 (100.00%) -- Ticket Income $375,000
Level 3 -- Attendance: 3500 (100.00%) -- Ticket Income $192,500
Level 4 -- Attendance: 2118 (100.00%) -- Ticket Income $84,720
Luxury Box -- Attendance: 947 (94.70%) -- Ticket Income $213,075
Game was played at the Staples Center.
Total Attendance: 18065 (99.71%)
Total Ticket Income: $1,482,795
Other Income: $370,699
Total Income: $1,853,494



Team Name Goals Shots Shots Attemp Shots Blocked PIM HIT PP PK FO%
Penguins 33865118230 / 2 (0%)044%
Kings 52458124210 / 4 (0%)056%

Penguins
Player Name POS G A P +/- PIM HIT SHT SB MP PP MP PP SHT PK MP PK SHT FO% FOT
Cole CaufieldRW1010013019:142:3010:000100% 2
Devon ToewsD000-1001225:212:1104:5000% 0
Dylan LarkinC1011214021:091:2803:35130% 23
Jeff PetryD011-1061322:471:4714:4000% 0
Jesper BrattLW0111003019:261:2801:5100% 0
Josh AndersonRW0001042020:331:2812:5800% 3
Julien GauthierRW000000000:000:0000:0000% 0
Justin FaulkD000-1431122:242:1111:5500% 0
Kevin FialaLW0110015019:172:3000:030100% 1
Logan O'ConnorRW000-2221012:310:0002:3500% 0
MacKenzie WeegarD0110011018:411:4703:2800% 0
Mathew DumbaD011-1011317:130:0000:5300% 0
Matt RoyD0000011113:320:0000:0600% 0
Nathan MacKinnonC1120005019:142:3000:00052% 21
Oskar LindblomLW000-3005115:150:0000:000100% 1
Rem PitlickC000-100206:260:0001:08075% 4
Rudolfs BalcersLW000-101205:180:0000:0000% 2
Ryan PoehlingC000-2010013:390:0003:42045% 22
Kings
Player Name POS G A P +/- PIM HIT SHT SB MP PP MP PP SHT PK MP PK SHT FO% FOT
Alex OvechkinLW1123024018:484:2010:000100% 3
Brandon SaadLW0110001011:480:4400:00050% 2
Cole SillingerC0223000122:164:2003:28056% 32
Conor ShearyLW000000107:090:0000:0000% 1
David KrejciC000000008:230:4400:30067% 6
David SavardD0001010114:270:4200:5000% 0
Evander KaneLW101-1041018:172:5200:0000% 0
Ilya MikheyevRW011-1011018:172:5210:000100% 1
Joel EdmundsonD0001020114:290:4400:5000% 0
Jonas BrodinD0000202524:083:3821:5100% 0
Logan CoutureC011-1002018:172:5210:00037% 19
Mark GiordanoD0001040018:320:4401:1700% 0
Matt DucheneC0110022014:403:3600:00050% 10
Mattias EkholmD0111011120:384:0710:0000% 0
Noah CatesLW1010022114:320:0003:280100% 3
Rasmus RistolainenD0110021224:533:0503:0800% 0
Tyler MotteC000000107:390:0000:3000% 0
Vladimir TarasenkoRW2133205018:474:2010:000100% 2



Play-by-Play

1st period


0:01 of 1st period - Nathan MacKinnon wins face-off versus Cole Sillinger in neutral zone.
1:03 of 1st period - Dylan Larkin is hit by Rasmus Ristolainen and loses puck.
1:48 of 1st period - Icing by Matt Roy.
1:49 of 1st period - Matt Duchene wins face-off versus Ryan Poehling in Penguins zone.
1:49 of 1st period - Matt Duchene is hit by MacKenzie Weegar.
2:20 of 1st period - MacKenzie Weegar is hit by Noah Cates and loses puck.
2:30 of 1st period - Minor Penalty to Logan O'Connor for High sticking.
2:31 of 1st period - Ryan Poehling wins face-off versus Logan Couture in Penguins zone.
3:01 of 1st period - Shot by Ilya Mikheyev.
3:01 of 1st period - Stopped by Calvin Petersen without a rebound.
3:02 of 1st period - Ryan Poehling wins face-off versus Cole Sillinger in Penguins zone.
3:26 of 1st period - Icing by Alex Ovechkin.
3:27 of 1st period - Cole Sillinger wins face-off versus Ryan Poehling in Kings zone.
3:42 of 1st period - Shot by Jonas Brodin.
3:42 of 1st period - Deflect By Vladimir Tarasenko.
3:42 of 1st period - Stopped by Calvin Petersen without a rebound.
3:43 of 1st period - Logan Couture wins face-off versus Dylan Larkin in Penguins zone.
3:45 of 1st period - Ilya Mikheyev is hit by Jeff Petry and loses puck.
4:19 of 1st period - Shot by Mattias Ekholm.
4:19 of 1st period - Shot Misses the Net.
4:21 of 1st period - Shot by Mattias Ekholm.
4:21 of 1st period - Stopped by Calvin Petersen with a rebound.
4:45 of 1st period - Shot by David Krejci.
4:45 of 1st period - Shot Misses the Net.
4:50 of 1st period - Nathan MacKinnon is hit by Rasmus Ristolainen and loses puck.
5:00 of 1st period - Icing by David Krejci.
5:01 of 1st period - Rem Pitlick wins face-off versus Conor Sheary in Kings zone.
5:20 of 1st period - Shot by Rem Pitlick.
5:20 of 1st period - Stopped by John Gibson without a rebound.
5:21 of 1st period - Cole Sillinger wins face-off versus Josh Anderson in Kings zone.
5:25 of 1st period - Vladimir Tarasenko is hit by Josh Anderson.
5:35 of 1st period - Shot by Vladimir Tarasenko.
5:35 of 1st period - Shot Blocked by Matt Roy.
6:18 of 1st period - Off-side.
6:19 of 1st period - Logan Couture wins face-off versus Nathan MacKinnon in neutral zone.
6:19 of 1st period - Logan Couture is hit by Kevin Fiala.
6:33 of 1st period - Shot by Logan Couture.
6:33 of 1st period - Shot Misses the Net.
6:42 of 1st period - Logan Couture is hit by Justin Faulk.
6:57 of 1st period - Minor Penalty to Justin Faulk for High sticking.
6:58 of 1st period - Cole Sillinger wins face-off versus Ryan Poehling in Penguins zone.
7:09 of 1st period - Shot by Vladimir Tarasenko.
7:09 of 1st period - Shot Blocked by Jeff Petry.
7:24 of 1st period - Alex Ovechkin is hit by Jeff Petry and loses puck.
7:46 of 1st period - Shot by Dylan Larkin.
7:46 of 1st period - Stopped by John Gibson without a rebound.
7:47 of 1st period - Logan Couture wins face-off versus Ryan Poehling in Kings zone.
7:59 of 1st period - Icing by Ilya Mikheyev.
8:00 of 1st period - Logan Couture wins face-off versus Dylan Larkin in Kings zone.
8:13 of 1st period - Shot by Ilya Mikheyev.
8:13 of 1st period - Shot Blocked by Jeff Petry.
8:15 of 1st period - Shot by Matt Duchene.
8:15 of 1st period - Shot Blocked by Devon Toews.
10:44 of 1st period - Shot by Ryan Poehling.
10:44 of 1st period - Shot Misses the Net.
10:51 of 1st period - Icing by Rasmus Ristolainen.
10:52 of 1st period - Vladimir Tarasenko wins face-off versus Dylan Larkin in Kings zone.
11:11 of 1st period - Icing by Devon Toews.
11:12 of 1st period - Logan Couture wins face-off versus Dylan Larkin in Penguins zone.
11:57 of 1st period - Icing by Justin Faulk.
11:58 of 1st period - Brandon Saad wins face-off versus Dylan Larkin in Penguins zone.
12:25 of 1st period - Icing by Devon Toews.
12:26 of 1st period - David Krejci wins face-off versus Dylan Larkin in Penguins zone.
13:13 of 1st period - Shot by Rudolfs Balcers.
13:13 of 1st period - Stopped by John Gibson without a rebound.
13:14 of 1st period - Nathan MacKinnon wins face-off versus Logan Couture in Kings zone.
13:16 of 1st period - Kevin Fiala is hit by Mark Giordano and loses puck.
13:27 of 1st period - Shot by Nathan MacKinnon.
13:27 of 1st period - Goal by Nathan MacKinnon - Penguins : 1 - Kings : 0.
13:28 of 1st period - Ryan Poehling wins face-off versus Cole Sillinger in neutral zone.
13:28 of 1st period - Ryan Poehling is hit by Alex Ovechkin.
13:29 of 1st period - Minor Penalty to Vladimir Tarasenko for Hooking.
13:30 of 1st period - Noah Cates wins face-off versus Nathan MacKinnon in Kings zone.
13:36 of 1st period - Icing by MacKenzie Weegar.
13:37 of 1st period - Nathan MacKinnon wins face-off versus Cole Sillinger in Penguins zone.
14:38 of 1st period - Shot by Devon Toews.
14:38 of 1st period - Shot Misses the Net.
14:52 of 1st period - Shot by Devon Toews.
14:52 of 1st period - Shot Misses the Net.
14:54 of 1st period - Shot by Justin Faulk.
14:54 of 1st period - Shot Blocked by Rasmus Ristolainen.
15:33 of 1st period - Jeff Petry is hit by Mattias Ekholm and loses puck.
16:48 of 1st period - Shot by Conor Sheary.
16:48 of 1st period - Stopped by Calvin Petersen without a rebound.
16:49 of 1st period - Dylan Larkin wins face-off versus David Krejci in Penguins zone.
17:16 of 1st period - Shot by Tyler Motte.
17:16 of 1st period - Stopped by Calvin Petersen with a rebound.
17:24 of 1st period - Shot by Jesper Bratt.
17:24 of 1st period - Stopped by John Gibson without a rebound.
17:25 of 1st period - Cole Caufield wins face-off versus Matt Duchene in Kings zone.
17:43 of 1st period - Cole Caufield is hit by Mark Giordano and loses puck.
17:52 of 1st period - Shot by Nathan MacKinnon.
17:52 of 1st period - Stopped by John Gibson without a rebound.
17:53 of 1st period - Logan Couture wins face-off versus Dylan Larkin in Kings zone.
18:22 of 1st period - Shot by Devon Toews.
18:22 of 1st period - Shot Blocked by Rasmus Ristolainen.
18:24 of 1st period - Shot by Devon Toews.
18:24 of 1st period - Stopped by John Gibson with a rebound.
19:17 of 1st period - Icing by MacKenzie Weegar.
19:18 of 1st period - Matt Duchene wins face-off versus Nathan MacKinnon in Penguins zone.
19:19 of 1st period - Shot by Brandon Saad.
19:19 of 1st period - Stopped by Calvin Petersen without a rebound.
19:20 of 1st period - Cole Sillinger wins face-off versus Rudolfs Balcers in Penguins zone.
19:20 of 1st period - Alex Ovechkin is hit by Jeff Petry and loses puck.
19:27 of 1st period - Shot by Vladimir Tarasenko.
19:27 of 1st period - Shot Misses the Net.
19:29 of 1st period - Shot by Mark Giordano.
19:29 of 1st period - Shot Misses the Net.
Goals for this period are 1 for Penguins vs 0 for Kings.
Shots for this period are 7 for Penguins vs 6 for Kings.

2nd period


0:01 of 2nd period - Nathan MacKinnon wins face-off versus Cole Sillinger in neutral zone.
0:08 of 2nd period - Shot by Cole Caufield.
0:08 of 2nd period - Stopped by John Gibson with a rebound.
0:45 of 2nd period - Rasmus Ristolainen is hit by Cole Caufield and loses puck.
1:34 of 2nd period - Shot by Noah Cates.
1:34 of 2nd period - Stopped by Calvin Petersen without a rebound.
1:35 of 2nd period - Ryan Poehling wins face-off versus Logan Couture in Penguins zone.
1:39 of 2nd period - Ryan Poehling is hit by Evander Kane and loses puck.
1:47 of 2nd period - Oskar Lindblom is hit by Joel Edmundson.
1:58 of 2nd period - Shot by Logan O'Connor.
1:58 of 2nd period - Shot Hit the Post.
2:00 of 2nd period - Shot by Oskar Lindblom.
2:00 of 2nd period - Stopped by John Gibson without a rebound.
2:01 of 2nd period - David Krejci wins face-off versus Dylan Larkin in Kings zone.
2:54 of 2nd period - Rasmus Ristolainen is hit by Jeff Petry and loses puck.
3:02 of 2nd period - Off-side.
3:03 of 2nd period - Ryan Poehling wins face-off versus Cole Sillinger in neutral zone.
3:28 of 2nd period - Shot by Logan O'Connor.
3:28 of 2nd period - Stopped by John Gibson with a rebound.
3:30 of 2nd period - Shot by Ryan Poehling.
3:30 of 2nd period - Shot Blocked by Mattias Ekholm.
3:44 of 2nd period - Shot by Oskar Lindblom.
3:44 of 2nd period - Stopped by John Gibson without a rebound.
3:45 of 2nd period - Nathan MacKinnon wins face-off versus Matt Duchene in Kings zone.
3:45 of 2nd period - Mathew Dumba is hit by David Savard and loses puck.
4:47 of 2nd period - Shot by Ilya Mikheyev.
4:47 of 2nd period - Shot Blocked by Mathew Dumba.
4:49 of 2nd period - Shot by Logan Couture.
4:49 of 2nd period - Stopped by Calvin Petersen without a rebound.
4:50 of 2nd period - Cole Sillinger wins face-off versus Dylan Larkin in Penguins zone.
5:42 of 2nd period - Icing by Cole Sillinger.
5:43 of 2nd period - Cole Sillinger wins face-off versus Rem Pitlick in Kings zone.
6:04 of 2nd period - Shot by Rem Pitlick.
6:04 of 2nd period - Deflect By Rudolfs Balcers.
6:04 of 2nd period - Stopped by John Gibson with a rebound.
6:06 of 2nd period - Shot by Matt Roy.
6:06 of 2nd period - Shot Misses the Net.
6:08 of 2nd period - Shot by Rudolfs Balcers.
6:08 of 2nd period - Shot Misses the Net.
6:10 of 2nd period - Shot by Rudolfs Balcers.
6:10 of 2nd period - Shot Blocked by Cole Sillinger.
6:12 of 2nd period - Shot by Oskar Lindblom.
6:12 of 2nd period - Stopped by John Gibson without a rebound.
6:13 of 2nd period - Logan Couture wins face-off versus Nathan MacKinnon in Kings zone.
7:39 of 2nd period - Shot by Oskar Lindblom.
7:39 of 2nd period - Stopped by John Gibson with a rebound.
8:11 of 2nd period - Shot by Jesper Bratt.
8:11 of 2nd period - Stopped by John Gibson with a rebound.
8:43 of 2nd period - Shot by Jesper Bratt.
8:43 of 2nd period - Shot Blocked by Jonas Brodin.
8:56 of 2nd period - Evander Kane is hit by Mathew Dumba and loses puck.
9:25 of 2nd period - Rasmus Ristolainen is hit by Rudolfs Balcers and loses puck.
9:35 of 2nd period - Ilya Mikheyev is hit by Justin Faulk and loses puck.
9:39 of 2nd period - Icing by Devon Toews.
9:40 of 2nd period - Cole Sillinger wins face-off versus Nathan MacKinnon in Penguins zone.
9:51 of 2nd period - Shot by Alex Ovechkin.
9:51 of 2nd period - Goal by Alex Ovechkin - Penguins : 1 - Kings : 1.
9:52 of 2nd period - Nathan MacKinnon wins face-off versus Brandon Saad in neutral zone.
9:52 of 2nd period - Kevin Fiala is hit by Matt Duchene and loses puck.
10:01 of 2nd period - Shot by Cole Caufield.
10:01 of 2nd period - Shot Misses the Net.
10:03 of 2nd period - Shot by Matt Roy.
10:03 of 2nd period - Stopped by John Gibson with a rebound.
10:13 of 2nd period - Shot by Nathan MacKinnon.
10:13 of 2nd period - Shot Blocked by Noah Cates.
11:03 of 2nd period - Shot by Jesper Bratt.
11:03 of 2nd period - Shot Blocked by Joel Edmundson.
11:07 of 2nd period - Shot by Josh Anderson.
11:07 of 2nd period - Stopped by John Gibson without a rebound.
11:08 of 2nd period - David Krejci wins face-off versus Ryan Poehling in Kings zone.
11:08 of 2nd period - David Krejci is hit by Ryan Poehling.
11:45 of 2nd period - Conor Sheary is hit by Jeff Petry and loses puck.
12:15 of 2nd period - Minor Penalty to Justin Faulk for Roughing.
12:16 of 2nd period - Cole Sillinger wins face-off versus Dylan Larkin in Penguins zone.
12:17 of 2nd period - Shot by Vladimir Tarasenko.
12:17 of 2nd period - Shot Misses the Net.
13:19 of 2nd period - Shot by Matt Duchene.
13:19 of 2nd period - Shot Blocked by Jeff Petry.
14:02 of 2nd period - Icing by Jonas Brodin.
14:03 of 2nd period - Ryan Poehling wins face-off versus Cole Sillinger in Kings zone.
15:26 of 2nd period - Shot by Rem Pitlick.
15:26 of 2nd period - Stopped by John Gibson without a rebound.
15:27 of 2nd period - Noah Cates wins face-off versus Dylan Larkin in Kings zone.
15:27 of 2nd period - Noah Cates is hit by Josh Anderson.
15:33 of 2nd period - Shot by Matt Duchene.
15:33 of 2nd period - Shot Blocked by Mathew Dumba.
15:45 of 2nd period - Shot by Josh Anderson.
15:45 of 2nd period - Shot Blocked by Jonas Brodin.
16:00 of 2nd period - Shot by Dylan Larkin.
16:00 of 2nd period - Goal by Dylan Larkin - Penguins : 2 - Kings : 1.
16:01 of 2nd period - Alex Ovechkin wins face-off versus Nathan MacKinnon in neutral zone.
16:06 of 2nd period - Shot by Alex Ovechkin.
16:06 of 2nd period - Shot Misses the Net.
16:14 of 2nd period - Shot by Alex Ovechkin.
16:14 of 2nd period - Stopped by Calvin Petersen without a rebound.
16:15 of 2nd period - Ryan Poehling wins face-off versus Logan Couture in Penguins zone.
16:21 of 2nd period - Logan O'Connor is hit by Mark Giordano and loses puck.
16:48 of 2nd period - Logan Couture is hit by Logan O'Connor and loses puck.
17:33 of 2nd period - Icing by Mattias Ekholm.
17:34 of 2nd period - Dylan Larkin wins face-off versus Logan Couture in Kings zone.
17:35 of 2nd period - Shot by Jesper Bratt.
17:35 of 2nd period - Shot Misses the Net.
17:37 of 2nd period - Shot by Dylan Larkin.
17:37 of 2nd period - Shot Misses the Net.
17:44 of 2nd period - Minor Penalty to Dylan Larkin for Tripping.
17:45 of 2nd period - Rem Pitlick wins face-off versus Cole Sillinger in Penguins zone.
17:54 of 2nd period - Shot by Jonas Brodin.
17:54 of 2nd period - Stopped by Calvin Petersen without a rebound.
17:55 of 2nd period - Cole Sillinger wins face-off versus Ryan Poehling in Penguins zone.
17:58 of 2nd period - Shot by Jonas Brodin.
17:58 of 2nd period - Shot Misses the Net.
18:34 of 2nd period - Shot by Rasmus Ristolainen.
18:34 of 2nd period - Shot Blocked by Devon Toews.
18:36 of 2nd period - Shot by Jonas Brodin.
18:36 of 2nd period - Stopped by Calvin Petersen without a rebound.
18:37 of 2nd period - Matt Duchene wins face-off versus Ryan Poehling in Penguins zone.
18:47 of 2nd period - Shot by Mattias Ekholm.
18:47 of 2nd period - Shot Misses the Net.
18:49 of 2nd period - Shot by Logan Couture.
18:49 of 2nd period - Shot Misses the Net.
18:52 of 2nd period - Matt Duchene is hit by Jeff Petry and loses puck.
18:57 of 2nd period - Shot by Ilya Mikheyev.
18:57 of 2nd period - Shot Misses the Net.
18:59 of 2nd period - Shot by Matt Duchene.
18:59 of 2nd period - Deflect By Ilya Mikheyev.
18:59 of 2nd period - Shot Misses the Net.
19:01 of 2nd period - Shot by Logan Couture.
19:01 of 2nd period - Stopped by Calvin Petersen without a rebound.
19:02 of 2nd period - Cole Sillinger wins face-off versus Josh Anderson in Penguins zone.
19:03 of 2nd period - Shot by Rasmus Ristolainen.
19:03 of 2nd period - Shot Misses the Net.
19:05 of 2nd period - Shot by Vladimir Tarasenko.
19:05 of 2nd period - Shot Misses the Net.
19:07 of 2nd period - Shot by Alex Ovechkin.
19:07 of 2nd period - Stopped by Calvin Petersen without a rebound.
19:08 of 2nd period - Cole Sillinger wins face-off versus Ryan Poehling in Penguins zone.
Goals for this period are 1 for Penguins vs 1 for Kings.
Shots for this period are 12 for Penguins vs 8 for Kings.

3rd period


0:01 of 3rd period - Cole Sillinger wins face-off versus Dylan Larkin in neutral zone.
0:10 of 3rd period - Shot by Vladimir Tarasenko.
0:10 of 3rd period - Shot Misses the Net.
1:00 of 3rd period - Shot by Kevin Fiala.
1:00 of 3rd period - Shot Misses the Net.
1:14 of 3rd period - Shot by Cole Caufield.
1:14 of 3rd period - Deflect By Kevin Fiala.
1:14 of 3rd period - Stopped by John Gibson without a rebound.
1:15 of 3rd period - Oskar Lindblom wins face-off versus Matt Duchene in Kings zone.
1:47 of 3rd period - Brandon Saad is hit by Matt Roy.
1:53 of 3rd period - Shot by Noah Cates.
1:53 of 3rd period - Shot Misses the Net.
1:55 of 3rd period - Shot by Noah Cates.
1:55 of 3rd period - Goal by Noah Cates - Penguins : 2 - Kings : 2.
1:56 of 3rd period - Kevin Fiala wins face-off versus Logan Couture in neutral zone.
1:59 of 3rd period - Shot by Nathan MacKinnon.
1:59 of 3rd period - Shot Blocked by David Savard.
2:06 of 3rd period - Off-side.
2:07 of 3rd period - Dylan Larkin wins face-off versus David Krejci in neutral zone.
2:15 of 3rd period - Off-side.
2:16 of 3rd period - Nathan MacKinnon wins face-off versus Logan Couture in neutral zone.
2:16 of 3rd period - Jeff Petry is hit by Evander Kane.
2:18 of 3rd period - Shot by Nathan MacKinnon.
2:18 of 3rd period - Stopped by John Gibson with a rebound.
2:24 of 3rd period - Shot by Nathan MacKinnon.
2:24 of 3rd period - Stopped by John Gibson with a rebound.
2:26 of 3rd period - Shot by Nathan MacKinnon.
2:26 of 3rd period - Shot Misses the Net.
2:40 of 3rd period - Shot by Cole Caufield.
2:40 of 3rd period - Goal by Cole Caufield - Penguins : 3 - Kings : 2.
2:41 of 3rd period - Vladimir Tarasenko wins face-off versus Dylan Larkin in neutral zone.
2:41 of 3rd period - Cole Sillinger is hit by Dylan Larkin and loses puck.
2:48 of 3rd period - Shot by Cole Sillinger.
2:48 of 3rd period - Shot Misses the Net.
2:52 of 3rd period - Shot by Alex Ovechkin.
2:52 of 3rd period - Shot Misses the Net.
2:54 of 3rd period - Shot by Cole Sillinger.
2:54 of 3rd period - Shot Misses the Net.
3:36 of 3rd period - Noah Cates is hit by Josh Anderson and loses puck.
5:18 of 3rd period - Shot by Evander Kane.
5:18 of 3rd period - Shot Blocked by Mathew Dumba.
5:20 of 3rd period - Shot by Logan Couture.
5:20 of 3rd period - Shot Misses the Net.
5:32 of 3rd period - Shot by Logan Couture.
5:32 of 3rd period - Deflect By Evander Kane.
5:32 of 3rd period - Goal by Evander Kane - Penguins : 3 - Kings : 3.
5:33 of 3rd period - Cole Sillinger wins face-off versus Ryan Poehling in neutral zone.
5:36 of 3rd period - Shot by Alex Ovechkin.
5:36 of 3rd period - Stopped by Calvin Petersen without a rebound.
5:37 of 3rd period - Cole Sillinger wins face-off versus Ryan Poehling in Penguins zone.
6:14 of 3rd period - Shot by Logan O'Connor.
6:14 of 3rd period - Deflect By Oskar Lindblom.
6:14 of 3rd period - Stopped by John Gibson without a rebound.
6:15 of 3rd period - Rem Pitlick wins face-off versus Logan Couture in Kings zone.
6:15 of 3rd period - Jeff Petry is hit by Joel Edmundson and loses puck.
6:52 of 3rd period - Rudolfs Balcers is hit by Evander Kane and loses puck.
6:56 of 3rd period - Rem Pitlick is hit by Evander Kane and loses puck.
7:31 of 3rd period - Shot by Kevin Fiala.
7:31 of 3rd period - Stopped by John Gibson without a rebound.
7:32 of 3rd period - Matt Duchene wins face-off versus Josh Anderson in Kings zone.
7:34 of 3rd period - Icing by Mark Giordano.
7:35 of 3rd period - Noah Cates wins face-off versus Dylan Larkin in Kings zone.
8:16 of 3rd period - Noah Cates is hit by Josh Anderson and loses puck.
8:29 of 3rd period - Shot by Nathan MacKinnon.
8:29 of 3rd period - Stopped by John Gibson with a rebound.
9:20 of 3rd period - Shot by Vladimir Tarasenko.
9:20 of 3rd period - Deflect By Alex Ovechkin.
9:20 of 3rd period - Shot Misses the Net.
9:22 of 3rd period - Shot by Rasmus Ristolainen.
9:22 of 3rd period - Stopped by Calvin Petersen without a rebound.
9:23 of 3rd period - Ryan Poehling wins face-off versus Logan Couture in Penguins zone.
9:23 of 3rd period - Mathew Dumba is hit by Ilya Mikheyev and loses puck.
9:33 of 3rd period - Icing by Jeff Petry.
9:34 of 3rd period - Alex Ovechkin wins face-off versus Ryan Poehling in Penguins zone.
9:45 of 3rd period - Shot by Vladimir Tarasenko.
9:45 of 3rd period - Shot Misses the Net.
9:59 of 3rd period - Shot by Vladimir Tarasenko.
9:59 of 3rd period - Shot Blocked by Oskar Lindblom.
10:05 of 3rd period - Shot by Vladimir Tarasenko.
10:05 of 3rd period - Goal by Vladimir Tarasenko - Penguins : 3 - Kings : 4.
10:06 of 3rd period - Nathan MacKinnon wins face-off versus Logan Couture in neutral zone.
10:15 of 3rd period - Shot by Kevin Fiala.
10:15 of 3rd period - Stopped by John Gibson without a rebound.
10:16 of 3rd period - Dylan Larkin wins face-off versus Logan Couture in Kings zone.
10:45 of 3rd period - Shot by Jesper Bratt.
10:45 of 3rd period - Shot Misses the Net.
10:47 of 3rd period - Shot by Devon Toews.
10:47 of 3rd period - Shot Misses the Net.
10:49 of 3rd period - Shot by Dylan Larkin.
10:49 of 3rd period - Stopped by John Gibson with a rebound.
10:51 of 3rd period - Shot by Dylan Larkin.
10:51 of 3rd period - Stopped by John Gibson without a rebound.
10:52 of 3rd period - Cole Caufield wins face-off versus Cole Sillinger in Kings zone.
11:06 of 3rd period - Off-side.
11:07 of 3rd period - Ryan Poehling wins face-off versus Matt Duchene in neutral zone.
11:14 of 3rd period - Mark Giordano is hit by Logan O'Connor.
11:22 of 3rd period - Jeff Petry is hit by Matt Duchene and loses puck.
11:33 of 3rd period - Shot by Matt Duchene.
11:33 of 3rd period - Stopped by Calvin Petersen without a rebound.
11:34 of 3rd period - Alex Ovechkin wins face-off versus Nathan MacKinnon in Penguins zone.
11:37 of 3rd period - Shot by Vladimir Tarasenko.
11:37 of 3rd period - Stopped by Calvin Petersen with a rebound.
11:43 of 3rd period - Shot by Nathan MacKinnon.
11:43 of 3rd period - Shot Blocked by Jonas Brodin.
11:45 of 3rd period - Shot by MacKenzie Weegar.
11:45 of 3rd period - Shot Blocked by Jonas Brodin.
11:49 of 3rd period - Shot by Kevin Fiala.
11:49 of 3rd period - Stopped by John Gibson with a rebound.
11:51 of 3rd period - Shot by MacKenzie Weegar.
11:51 of 3rd period - Stopped by John Gibson without a rebound.
11:52 of 3rd period - Dylan Larkin wins face-off versus Logan Couture in Kings zone.
13:08 of 3rd period - Off-side.
13:09 of 3rd period - Ryan Poehling wins face-off versus Matt Duchene in neutral zone.
13:46 of 3rd period - Shot by Matt Duchene.
13:46 of 3rd period - Stopped by Calvin Petersen without a rebound.
13:47 of 3rd period - Nathan MacKinnon wins face-off versus Cole Sillinger in Penguins zone.
13:53 of 3rd period - Mathew Dumba is hit by Alex Ovechkin and loses puck.
14:06 of 3rd period - Shot by Kevin Fiala.
14:06 of 3rd period - Stopped by John Gibson without a rebound.
14:07 of 3rd period - Ilya Mikheyev wins face-off versus Rudolfs Balcers in Kings zone.
14:14 of 3rd period - Shot by Evander Kane.
14:14 of 3rd period - Shot Blocked by Justin Faulk.
14:21 of 3rd period - Devon Toews is hit by Mark Giordano.
14:46 of 3rd period - Off-side.
14:47 of 3rd period - Cole Sillinger wins face-off versus Nathan MacKinnon in neutral zone.
14:59 of 3rd period - Minor Penalty to Jonas Brodin for Tripping.
15:00 of 3rd period - Dylan Larkin wins face-off versus Cole Sillinger in Kings zone.
15:24 of 3rd period - Shot by Jeff Petry.
15:24 of 3rd period - Stopped by John Gibson without a rebound.
15:25 of 3rd period - Nathan MacKinnon wins face-off versus Cole Sillinger in Kings zone.
15:26 of 3rd period - Shot by Justin Faulk.
15:26 of 3rd period - Deflect By Cole Caufield.
15:26 of 3rd period - Stopped by John Gibson without a rebound.
15:27 of 3rd period - Nathan MacKinnon wins face-off versus Cole Sillinger in Kings zone.
15:56 of 3rd period - Shot by Justin Faulk.
15:56 of 3rd period - Stopped by John Gibson without a rebound.
15:57 of 3rd period - Cole Sillinger wins face-off versus Dylan Larkin in Kings zone.
16:06 of 3rd period - Shot by Jesper Bratt.
16:06 of 3rd period - Deflect By Dylan Larkin.
16:06 of 3rd period - Shot Misses the Net.
16:08 of 3rd period - Shot by Josh Anderson.
16:08 of 3rd period - Stopped by John Gibson without a rebound.
16:09 of 3rd period - Cole Sillinger wins face-off versus Nathan MacKinnon in Kings zone.
16:44 of 3rd period - Shot by Devon Toews.
16:44 of 3rd period - Shot Misses the Net.
16:57 of 3rd period - Off-side.
16:58 of 3rd period - Dylan Larkin wins face-off versus Cole Sillinger in neutral zone.
17:11 of 3rd period - Shot by Mathew Dumba.
17:11 of 3rd period - Stopped by John Gibson without a rebound.
17:12 of 3rd period - David Krejci wins face-off versus Dylan Larkin in Kings zone.
17:43 of 3rd period - Shot by Jesper Bratt.
17:43 of 3rd period - Shot Blocked by Jonas Brodin.
17:45 of 3rd period - Shot by Dylan Larkin.
17:45 of 3rd period - Deflect By Jesper Bratt.
17:45 of 3rd period - Stopped by John Gibson without a rebound.
17:46 of 3rd period - Cole Sillinger wins face-off versus Ryan Poehling in Kings zone.
17:55 of 3rd period - Shot by Alex Ovechkin.
17:55 of 3rd period - Shot Misses the Net.
17:57 of 3rd period - Shot by Vladimir Tarasenko.
17:57 of 3rd period - Goal by Vladimir Tarasenko - Penguins : 3 - Kings : 5.
17:58 of 3rd period - Matt Duchene wins face-off versus Nathan MacKinnon in neutral zone.
18:00 of 3rd period - Joel Edmundson is hit by Justin Faulk and loses puck.
19:25 of 3rd period - Jesper Bratt is hit by Noah Cates and loses puck.
19:48 of 3rd period - Shot by Vladimir Tarasenko.
19:48 of 3rd period - Stopped by Calvin Petersen with a rebound.
Goals for this period are 1 for Penguins vs 4 for Kings.
Shots for this period are 19 for Penguins vs 10 for Kings.